 Dungeon Crawl Stone Soup version 0.32-a0-931-g5a2cda0630 (webtiles) character file.

Game seed: 10729497469397498208

55013 Daunt the Severer (level 14, -9/111 HPs)
             Began as a Coglin Fighter on Apr 13, 2024.
             Was an Initiate of Gozag.
             Mangled by an ogre
             ... wielding a +0 giant spiked club
              (15 damage)
             ... while paralysed by an orc sorcerer
             ... on level 2 of the Orcish Mines on Apr 14, 2024.
             The game lasted 01:18:56 (22642 turns).

Daunt the Severer (Coglin Fighter)                 Turns: 22642, Time: 01:18:57

Health: -9/111     AC: 18    Str: 21    XL:     14   Next: 75%
Magic:  14/14      EV:  2    Int: 10    God:    Gozag
Gold:   3705       SH:  0    Dex: 17    Spells: 13/13 levels left

rFire   + . .        L - +1 broad axe (heavy) {Audrea}
rCold   + . .        e - +1 whip "Ixecka" {drain, *Noise rN++ rCorr Int+2}
rNeg    + + .        R - +3 scale mail
rPois   .            N - +1 helmet {SInv}
rElec   .            y - +0 cloak
rCorr   +            P - +0 pair of gloves {Dex+3}
SInv    +            o - +0 pair of boots
Will    +....        (amulet unavailable) Stlth
                     (ring unavailable)
HPRegen 1.18/turn    (ring unavailable)
MPRegen 0.54/turn    C - tungsten actuator {rF+ rC+ Regen+ RegenMP+}

%: no passive effects
@: paralysed, spiked, gold aura, revving
A: off-hand wielding, slow wielding, warmup strikes, no jewellery
a: Renounce Religion, Potion Petition, Call Merchant, Bribe Branch


You were on level 2 of the Orcish Mines.
You worshipped Gozag.
Gozag was most pleased with you.
You visited 4 branches of the dungeon, and saw 22 of its levels.

You collected 5430 gold pieces.
You spent 570 gold pieces at shops.
You paid 1155 gold pieces to Gozag.

Inventory:

Hand Weapons
 a - a +0 war axe {Astrid}
 e - the +1 whip "Ixecka" (offhand) {drain, *Noise rN++ rCorr Int+2}
   (You found it on level 2 of the Dungeon)

   Int+2:     It affects your intelligence (+2).
   rN++:      It greatly protects you from negative energy.
   *Noise:    It may make a loud noise when swung.
   rCorr:     It protects you from acid and corrosion.
 z - a +2 whip of draining {Tepiltzin}
 D - a +4 flail {Koruri}
 L - a +1 heavy broad axe (weapon) {Audrea}
Missiles
 c - 56 poisoned darts
 f - 252 stones
 w - 6 darts of dispersal
 I - 2 curare-tipped darts
 J - 11 boomerangs (quivered)
 K - 3 javelins
Armour
 o - a +0 pair of boots (worn)
 q - a +0 plate armour
 y - a +0 cloak (worn)
 H - a +2 ring mail of fire resistance
 N - a +1 helmet of see invisible (worn)
 P - a +0 pair of gloves of dexterity (worn)
 R - a +3 scale mail (worn)
Gizmo
 C - a tungsten actuator (installed) {rF+ rC+ Regen+ RegenMP+}
   (You invented it yourself on level 13 of the Dungeon)

   [tungsten actuator]

   rF+:       It protects you from fire.
   rC+:       It protects you from cold.
   Regen+:    It increases your rate of health regeneration.
   RegenMP+:  It increases your rate of magic regeneration.
Wands
 b - a wand of mindburst (26)
 r - a wand of flame (23)
 F - a wand of iceblast (19)
 G - a wand of acid (14)
 Q - a wand of charming (5)
Scrolls
 g - a scroll of torment
 h - 5 scrolls of blinking
 i - 3 scrolls of identify
 m - 5 scrolls of revelation
 n - 2 scrolls of fog
 p - 4 scrolls of fear
 t - 4 scrolls of vulnerability
 u - 4 scrolls of teleportation
 M - a scroll of butterflies
 O - a scroll of poison
Potions
 d - 3 potions of might
 j - 3 potions of mutation
 l - 2 potions of curing
 s - a potion of lignification
 v - 3 potions of enlightenment
 x - 3 potions of attraction
 A - a potion of heal wounds
 B - 2 potions of ambrosia
 E - 5 potions of haste
Miscellaneous
 k - a tin of tremorstones (2/2)


   Skills:
 + Level 10.4 Fighting
 * Level 16.6(17.8) Axes
 - Level 10.0(13.9) Maces & Flails
 - Level 3.0 Throwing
 + Level 9.4 Armour
 + Level 4.5 Dodging
 - Level 2.1 Shields
 - Level 8.0 Evocations


You had 13 spell levels left.
You didn't know any spells.
Your spell library contained the following spells:

 Spells                   Type           Power      Damage    Failure   Level
 Freeze                   Ice            0%         1d3       65%         1
 Slow                     Hex            0%         N/A       65%         1
 Ensorcelled Hibernation  Hex/Ice        0%         N/A       78%         2
 Static Discharge         Conj/Air       0%         3-3/arc   78%         2
 Confusing Touch          Hex            0%         N/A       95%         3
 Frozen Ramparts          Ice            0%         1d1       95%         3
 Fugue of the Fallen      Necr           0%         N/A       95%         3
 Hailstorm                Conj/Ice       0%         3d5       95%         3
 Teleport Other           Tloc           0%         N/A       95%         3
 Tukima's Dance           Hex            0%         N/A       95%         3
 Vampiric Draining        Necr           0%         2d6       95%         3
 Airstrike                Air            0%         2d(0-16)  100%        4
 Anguish                  Hex/Necr       0%         N/A       100%        4
 Brom's Barrelling Bould  Conj/Erth      0%         2d3       100%        4
 Dimensional Bullseye     Hex/Tloc       0%         N/A       100%        4
 Iskenderun's Mystic Bla Conj/Tloc 0%             2d3        (+2d1     100%        4
 Summon Lightning Spire   Summ/Air       0%         N/A       100%        4
 Alistair's Intoxication  Alch           0%         N/A       100%        5
 Borgnjor's Vile Clutch   Necr/Erth      0%         N/A       100%        5
 Fireball                 Conj/Fire      0%         3d3       100%        5
 Iskenderun's Battlesphe  Conj           0%         2d6       100%        5
 Conjure Ball Lightning   Conj/Air       0%         3x3d6     100%        6
 Dispersal                Tloc           0%         N/A       100%        6
 Eringya's Noxious Bog    Alch           0%         4d6       100%        6
 Gell's Gavotte           Tloc           0%         2d(11-16) 100%        6
 Orb of Destruction       Conj           0%         9d5       100%        7


Dungeon Overview and Level Annotations

Branches:
Dungeon (14/15)            Temple (1/1) D:5            Lair (5/5) D:8
  Swamp (0/4) Lair:2        Snake (0/4) Lair:3          Orc (2/2) D:9
    Elf (0/3) Orc:2        Vaults (0/5) D:13
  Slime: Lair:4-5

Altars:
Ashenzari
Cheibriados
Dithmenos
Elyvilon
Fedhas
Gozag
Hepliaklqana
Kikubaaqudgha
Makhleb
Nemelex Xobeh
Okawaru
Qazlal
Ru
Sif Muna
Trog
Uskayaw
Vehumet
Wu Jian
Xom
Yredelemnul
Zin
The Shining One

Shops:
Orc:2 =   Lair:3 [

Annotations:
D:4 1 runed translucent door, smashvw's ghost, amateur MiFi
D:7 2 runed translucent doors
Lair:4 Rupert


Innate Abilities, Weirdness & Mutations

You can wield a second weapon in your off-hand.
It takes a long time for you to wield or remove held weapons.
Your first few attacks do less damage.
You cannot equip rings or amulets.


Message History

You miss the orc sorcerer with your +1 heavy broad axe.
The orc sorcerer is moderately wounded.
You barely miss the ogre with your +1 heavy broad axe.
You slash the orc warrior with your +1 heavy broad axe!
You slash the orc sorcerer with your +1 heavy broad axe!
You hit the orc sorcerer but do no damage.
The red devil hits you from afar with a +0 vampiric trident.
More barbed spikes become lodged in your body.
The orc sorcerer misses you.
The orc sorcerer howls an incantation.
The orc sorcerer glows brightly for a moment.
The orc sorcerer hits you but does no damage.
The orc warrior hits you with a +0 dire flail!
You slice the orc sorcerer with your +1 heavy broad axe!!
You kill the orc sorcerer!
The red devil disappears in a puff of smoke!
You slash the ogre with your +1 heavy broad axe!
You slash the orc warrior with your +1 heavy broad axe!
You barely miss the orc sorcerer with your +1 heavy broad axe.
The ogre hits you with a +0 giant spiked club!
* * * LOW HITPOINT WARNING * * *
You closely miss the orc sorcerer with the +1 whip "Ixecka".
The orc sorcerer is heavily wounded.
You barely miss the orc sorcerer with your +1 heavy broad axe.
You hit the ogre with your +1 heavy broad axe.
You closely miss the orc warrior with your +1 heavy broad axe.
The orc warrior hits you with a +0 dire flail.
* * * LOW HITPOINT WARNING * * *
The orc sorcerer points at you and mumbles some strange words.
You suddenly lose the ability to move!
The ogre hits you but does no damage. The orc warrior barely misses you.
The orc sorcerer casts a spell at you. The bolt of fire hits you! You resist.
* * * LOW HITPOINT WARNING * * *
The orc warrior hits you with a +0 dire flail!
* * * LOW HITPOINT WARNING * * *
The orc sorcerer hits you but does no damage.
The ogre hits you with a +0 giant spiked club!
You die...
Your body crumbles into a pile of gold.

####.##....# ##.#...##..##
# #...#.##....#
#######..#..#....##
..##.#............#
.............$...##
................)##
..#......#........## ##
.........#.....O@$.# ..#
.........#.....oo..# ..#
..#...)...#......$##...#
.......................#
......)........#.......o..
.........................#
.......................#..
##....<..............### .
##...................#


You could see an orc sorcerer, an orc warrior and an ogre.

Vanquished Creatures
  Frances (D:13)
  An orc warlord (Orc:1)
  Josephine (Orc:1)
  An ettin (Orc:1)
  2 hydras
  An ice dragon (D:13)
  An alligator (Lair:3)
  Erica (D:8)
  3 centaur warriors (D:13)
  2 two-headed ogres
  2 boulder beetles
  3 orc high priests
  Amaemon (D:8)
  2 skysharks
  A swamp dragon (Lair:3)
  A bog body (Lair:2)
  A deep elf pyromancer (D:12)
  A necromancer (D:13)
  3 orc knights
  2 cyclopes
  4 orc sorcerers
  An ugly thing (D:11)
  A manticore (D:13)
  2 black mambas
  A kobold blastminer (D:9)
  3 meliai (D:13)
  Joseph (D:8)
  An orange demon (D:8)
  5 cane toads
  A gargoyle (D:12)
  An unseen horror (D:10)
  6 komodo dragons
  3 rime drakes
  4 kobold demonologists (D:12)
  A queen bee (shapeshifter) (D:13)
  5 trolls
  2 tyrant leeches (Lair:3)
  22 blink frogs
  10 slime creatures (D:12)
  A spriggan (shapeshifter) (D:13)
  36 yaks
  6 wraiths
  Eustachio (D:6)
  2 humans (D:10)
  3 basilisks
  3 wyverns
  4 wargs
  12 vampire mosquitoes
  3 nagas (Lair:3)
  3 swamp worms (Lair:3)
  12 water moccasins
  An acid dragon (D:9)
  A black bear (D:4)
  A black bear (shapeshifter) (D:12)
  An ice beast (D:6)
  19 orc warriors
  A sky beast (D:7)
  11 ogres
  12 centaurs
  6 wolves
  A phantom (D:5)
  14 bullfrogs
  5 kobold brigands
  2 gnoll sergeants
  2 scorpions
  7 wights
  12 killer bees
  5 howler monkeys
  4 hounds
  2 bombardier beetles
  A gnoll bouda (D:7)
  12 orc priests
  4 iguanas
  A sleepcap (D:6)
  17 orc wizards
  The ghost of jfitz the Chopper, a weakling MDRe of the Shining One (D:3)
  17 gnolls
  3 adders
  3 white imps
  2 ufetubi (D:5)
  6 dart slugs
  A ribbon worm (D:7)
  43 orcs
  5 endoplasms
  4 giant cockroaches
  7 goblins
  4 hobgoblins
  6 jackals
  2 quokkas
  9 ball pythons
  A bat (D:1)
  3 frilled lizards (D:2)
  39 kobolds
  A rat (D:2)
490 creatures vanquished.

Notes
Turn   | Place    | Note
-------+----------+-------------------------------------------
     0 | D:1      | Daunt the Coglin Fighter began the quest for the Orb.
     0 | D:1      | Reached XP level 1. HP: 18/18 MP: 1/1
   339 | D:1      | Reached XP level 2. HP: 24/24 MP: 2/2
   546 | D:1      | Reached skill level 3 in Axes
   898 | D:2      | Found a faded altar of an unknown god.
   917 | D:2      | Reached XP level 3. HP: 21/29 MP: 3/3
  1014 | D:2      | Identified the +1 whip "Ixecka" {drain, *Noise rN++ rCorr
                  | Int+2}
  1176 | D:2      | Reached skill level 1 in Maces & Flails
  1455 | D:2      | Reached XP level 4. HP: 35/35 MP: 4/4
  1913 | D:3      | Found a runed translucent gate.
  1913 | D:3      | Noticed jfitz's ghost (weakling MDRe)
  1914 | D:3      | Found a runed translucent gate.
  1914 | D:3      | Found a runed translucent gate.
  2116 | D:3      | Found a shadowy altar of Dithmenos.
  2402 | D:4      | Noticed a scorpion
  2403 | D:4      | Killed a scorpion
  2404 | D:4      | Reached XP level 5. HP: 41/41 MP: 5/5
  2449 | D:4      | Found a runed translucent door.
  2449 | D:4      | Noticed smashvw's ghost (amateur MiFi)
  2472 | D:4      | Noticed an ogre
  2558 | D:4      | Found a glowing golden altar of the Shining One.
  2566 | D:4      | Noticed an ogre
  2755 | D:4      | Noticed a black bear
  2765 | D:4      | Killed a black bear
  2766 | D:4      | Reached XP level 6. HP: 31/47 MP: 6/6
  2850 | D:4      | Reached skill level 5 in Maces & Flails
  3226 | D:5      | Entered Level 5 of the Dungeon
  3318 | D:5      | Found a staircase to the Ecumenical Temple.
  3323 | D:5      | Noticed a water moccasin
  3330 | D:5      | Killed a water moccasin
  3331 | D:5      | Reached XP level 7. HP: 52/52 MP: 7/7
  3334 | Temple   | Entered the Ecumenical Temple
  3348 | Temple   | Became a worshipper of Gozag Ym Sagoz the Greedy
  3855 | D:4      | Reached XP level 8. HP: 58/58 MP: 8/8
  3958 | D:3      | Killed jfitz's ghost
  4804 | D:6      | Noticed Eustachio
  4929 | D:6      | Killed Eustachio
  4930 | D:6      | Reached skill level 10 in Maces & Flails
  4930 | D:6      | Reached XP level 9. HP: 61/63 MP: 9/9
  5051 | D:6      | Reached skill level 4 in Axes
  5745 | D:7      | Found a snail-covered altar of Cheibriados.
  5827 | D:7      | Reached skill level 1 in Evocations
  6754 | D:7      | Found a stormy altar of Qazlal.
  6801 | D:7      | Reached skill level 5 in Fighting
  6846 | D:7      | Found a runed translucent door.
  6854 | D:7      | Found a runed translucent door.
  7231 | D:8      | Noticed Erica
  7325 | D:8      | Noticed an orange demon
  7325 | D:8      | Noticed Amaemon
  7450 | D:8      | Reached skill level 5 in Armour
  7450 | D:8      | Reached XP level 10. HP: 76/76 MP: 10/10
  7461 | D:8      | Killed Erica
  7490 | D:8      | Noticed Joseph
  7507 | D:8      | Killed Joseph
  7617 | D:8      | Found a shimmering blue altar of Sif Muna.
  7771 | D:8      | Found an ornate altar of the Wu Jian Council.
  7823 | D:8      | Killed Amaemon
  7836 | D:8      | Killed an orange demon
  8204 | D:8      | Found a staircase to the Lair.
  8604 | D:9      | Reached skill level 5 in Evocations
  8627 | D:9      | Found a sacrificial altar of Ru.
  8756 | D:9      | Found a shimmering altar of Xom.
  8756 | D:9      | Found a broken altar of Ashenzari.
  8756 | D:9      | Found a bloodstained altar of Trog.
  9067 | D:9      | Reached XP level 11. HP: 84/86 MP: 11/11
  9196 | D:9      | Found a staircase to the Orcish Mines.
  9271 | D:9      | Found a radiant altar of Vehumet.
  9411 | D:9      | Found a white marble altar of Elyvilon.
  9674 | D:9      | Noticed a two-headed ogre
  9681 | D:9      | Killed a two-headed ogre
  9795 | D:10     | Entered Level 10 of the Dungeon
 10159 | D:10     | Identified the +4 long sword "Deohil" {drain, ^Fragile
                  | rPois rF+ Str+5}
 10248 | D:10     | Found an iron altar of Okawaru.
 10266 | D:10     | Reached skill level 1 in Throwing
 10568 | D:10     | Reached skill level 5 in Axes
 10684 | D:11     | Noticed a boulder beetle
 10761 | Lair:1   | Entered Level 1 of the Lair of Beasts
 10893 | Lair:1   | Reached skill level 6 in Axes
 10929 | Lair:1   | Reached skill level 7 in Axes
 11098 | Lair:1   | Reached skill level 8 in Axes
 11108 | Lair:1   | Reached XP level 12. HP: 57/95 MP: 12/12
 11348 | Lair:1   | Found a broken altar of Ashenzari.
 11364 | Lair:1   | Reached skill level 9 in Axes
 12237 | Lair:1   | Reached skill level 10 in Axes
 12408 | Lair:2   | Found a staircase to the Swamp.
 12877 | Lair:2   | Reached skill level 11 in Axes
 13618 | Lair:2   | Noticed a skyshark
 13628 | Lair:2   | Killed a skyshark
 13629 | Lair:2   | Reached skill level 12 in Axes
 14286 | Lair:3   | Noticed a skyshark
 14310 | Lair:3   | Killed a skyshark
 14316 | Lair:3   | Noticed an eight-headed hydra
 14491 | Lair:3   | Reached skill level 13 in Axes
 14491 | Lair:3   | Reached XP level 13. HP: 96/101 MP: 13/13
 14780 | Lair:3   | Found a staircase to the Snake Pit.
 15268 | Lair:3   | Reached skill level 14 in Axes
 16550 | Lair:4   | Noticed Rupert
 16738 | Lair:4   | You fall into a shaft and drop 1 floor!
 16738 | Lair:5   | Entered Level 5 of the Lair of Beasts
 16965 | Lair:3   | Bought a pair of runed gloves for 285 gold pieces
 16978 | Lair:3   | Bought a shiny helmet for 285 gold pieces
 17380 | D:11     | Reached skill level 15 in Axes
 17783 | D:11     | Identified the +1 robe "Xyluvaus" {Dex+4}
 18275 | D:12     | Reached skill level 1 in Dodging
 19921 | D:13     | Reached XP level 14. HP: 82/108 MP: 14/14
 19925 | D:13     | Acquired a tungsten actuator {rF+ rC+ Regen+ RegenMP+}
 20152 | D:13     | Found a gate to the Vaults.
 20469 | D:13     | Reached skill level 16 in Axes
 20838 | D:14     | Found an ornate altar of the Wu Jian Council.
 20896 | D:13     | Noticed Frances
 20906 | D:13     | Killed Frances
 21076 | Orc:1    | Entered Level 1 of the Orcish Mines
 21115 | D:9      | Reached skill level 10 in Fighting
 21976 | Orc:2    | Entered Level 2 of the Orcish Mines
 22175 | Orc:2    | Noticed an orc warlord
 22221 | Orc:1    | Killed an orc warlord
 22409 | Orc:1    | Noticed Josephine
 22423 | Orc:1    | Killed Josephine
 22480 | Orc:2    | Found Yxtao's Jewellery Shoppe.
 22509 | Orc:2    | Found a staircase to the Elven Halls.
 22640 | Orc:2    | Paralysed by an orc sorcerer for 3 turns
 22642 | Orc:2    | Mangled by an ogre

Illustrated notes

Levels and vault maps discovered:
D:1:      lightli_arrival_windingriver, layout_loops_corners
D:2:      kennysheep_six_static_rooms, layout_basic, basic_ecumenical_altar
D:3:      layout_basic, nicolae_dithmenos_through_a_glass_darkly,
          ebering_ghost_rock_garden
D:4:      layout_basic, tso_oasis_becter, hellmonk_ghost_happy_afterlife,
          minmay_misc_feat_more_columns, minmay_unequal
D:5:      layout_loops_ring, minmay_temple_entry_mini_moons
D:6:      kennysheep_kobold_camp, layout_rooms, uniq_eustachio
D:7:      lemuel_insect_pit, layout_loops_corners,
          nicolae_qazlal_beasts_of_the_sky, slow_altar_2, nicolae_water_bricks,
          minivault_1, st_stairs_14, serial_library_hellmonk_semicircle,
          hangedman_abyss_or_decor_jellyfish_corner, dreamdust_wishing_well
D:8:      layout_basic, mainiacjoe_overflow_paths, mainiacjoe_overflow_alcove_2,
          lair_entry_dummy, uniq_amaemon, uniq_joseph, uniq_erica
D:9:      layout_roguey, elyvilon_altar_3, marbit_many_paths,
          mainiacjoe_overflow_catwalk, gammafunk_temple_overflow_claw,
          david_orc_2, chequers_arboretum
D:10:     layout_basic, okawaru_humans, chequers_hall_statues_corner_a
D:11:     layout_basic
D:12:     layout_stronghold
D:13:     layout_roguey, david_vaults_4, uniq_frances
D:14:     layout_small_grid, nicolae_wu_jian_wuxing_cycle
Temple:   nicolae_temple_figure_zero
Lair:1:   layout_regular_city, basic_altar, beast_lair_carwin_4,
          grunt_megastairs_3, serial_bayou_shore_a
Lair:2:   layout_regular_city, skrybe_swamp_entry_bodies
Lair:3:   onia_ninara_swampy_vault, layout_cave_shapes,
          minmay_snake_entry_guardpost_small, grunt_megastairs_2
Lair:4:   layout_loops_ring, slime_entry_1, small_statue_intersection,
          uniq_nessos, uniq_rupert
Lair:5:   due_jungle_book, layout_regular_city, dpeg_oklob_1
Orc:1:    nicolae_orc_accident_1, layout_diamond_mine, uniq_josephine
Orc:2:    grunt_orc_gardens, layout_caves, grunt_orc_garden, grunt_orc_garden,
          grunt_orc_garden, grunt_orc_garden, nicolae_orc_tapped_out

Skill      XL: |  1  2  3  4  5  6  7  8  9 10 11 12 13 14 |
---------------+-------------------------------------------+-----
Axes           | 3 4 8 13 15 16 | 16.6
Maces & Flails | 1 3 4 6 7 10 | 10.0
Evocations     | 3 5 7 8 |  8.0
Armour         | 5 7 8 9 |  9.4
Fighting       | 5 8 9 10 | 10.4
Throwing       | 3 |  3.0
Dodging        | 2 4 |  4.5
Shields        | |  2.1

Action                     |  1- 3 |  4- 6 |  7- 9 | 10-12 | 13-15 || total
---------------------------+-------+-------+-------+-------+-------++-------
  Melee: War axe           |    50 |    67 |   158 |       |       ||   275
         Club              |    10 |       |       |       |       ||    10
         Dagger            |    16 |       |       |       |       ||    16
         Whip              |    20 |    66 |   343 |  1298 |   707 ||  2434
         Flail             |       |       |    19 |       |       ||    19
         Broad axe         |       |       |       |       |   364 ||   364
  Throw: Dart              |     2 |       |       |    28 |     4 ||    34
         Boomerang         |       |       |       |       |     6 ||     6
 Invoke: Call Merchant     |       |       |       |       |     1 ||     1
         Potion Petition   |       |       |       |       |     1 ||     1
Ability: Invent Gizmo      |       |       |       |       |     1 ||     1
  Evoke: Wand              |       |     1 |       |     8 |     6 ||    15
    Use: Scroll            |       |     7 |     7 |     6 |    15 ||    35
         Potion            |       |       |     1 |     1 |     2 ||     4
   Stab: Distracted        |       |       |     2 |     4 |     2 ||     8
 Armour: Scale mail        |    40 |     5 |       |       |    98 ||   143
         Plate armour      |       |    80 |   218 |   449 |   425 ||  1172
  Dodge: Dodged            |    17 |    16 |    50 |   120 |   177 ||   380
  Block: Buckler           |     1 |       |       |       |       ||     1

Table legend: (Time is in decaauts)
 A = Elapsed time spent in this place.
 B = Non-inter-level travel time spent in this place.
 C = Inter-level travel time spent in this place.
 D = Time resting spent in this place.
 E = Time spent auto-exploring this place.
 F = Levels seen in this place.
 G = Mean time per level.
                   A        B        C        D        E       F      G
               +--------+--------+--------+--------+--------+-----+--------+
         Total |  22230 |  20857 |   1373 |   1499 |  14942 |  22 | 1010.5 |
       Dungeon |  14658 |  13683 |    975 |    424 |  10707 |  14 | 1047.0 |
        Temple |     26 |     15 |     11 |      0 |      0 |   1 |   26.0 |
          Lair |   6111 |   5834 |    277 |   1036 |   3438 |   5 | 1222.2 |
  Orcish Mines |   1434 |   1324 |    110 |     39 |    796 |   2 |  717.0 |
               +--------+--------+--------+--------+--------+-----+--------+

Top non-repeatable levels by time:
  Lair:1: 2167 daAuts
  Lair:3: 1972 daAuts
    D:12: 1677 daAuts
  Lair:2: 1663 daAuts
     D:7: 1622 daAuts
     D:9: 1379 daAuts
     D:8: 1191 daAuts
    D:13: 1148 daAuts
     D:5: 1137 daAuts
    D:11: 1046 daAuts
     D:6: 1028 daAuts
   Orc:1: 996 daAuts
     D:4: 934 daAuts
     D:1: 907 daAuts
    D:10: 894 daAuts
